Map: [ESL] Oceanborn

Players

Serral

  • Race: Zerg Zerg
  • Spawn Location: 11:00

Clem - Winner!

  • Race: Terran Terran
  • Spawn Location: 5:00

Event: ESL SC2 Masters 2023 Winter (Finals)

VOD

Have the link to the VOD?

Description

Time

  • Played on: Dec. 17, 2023, 4:57 p.m.
  • Length: 26:00

All games in this series

Show
View Real Time Build Order
Export as new Build Order

Serral Zerg 

Build Orders: Hatch First 

Get SALT Encoding   

  12  0:00  Drone  
  13  0:10  Drone  
  14  0:14  Extractor, Drone  
  15  0:36  Hatchery  
  15  0:42  Extractor, Drone  
  15  0:48  Overlord  
  15  1:02  Spawning Pool  
  14  1:06  Drone  
  14  1:10  Drone  
  16  1:13  Drone  
  16  1:17  Drone  
  18  1:27  Extractor  
  18  1:28  Drone  
  18  1:39  Drone  
  19  1:49  Drone  
  19  1:50  Queen x2  
  19  1:53  Drone  
  25  2:00  Overlord  
  25  2:02  Drone  
  26  2:11  Drone x2  
  28  2:21  Drone  
  28  2:22  Drone  
  30  2:25  Queen  
  32  2:31  Spore Crawler  
  32  2:34  Metabolic Boost  
  32  2:38  Drone  
  32  2:39  Overlord  
  33  2:45  Drone x2  
  35  2:53  Extractor  
  35  2:58  Drone x2, Hatchery  
  34  2:59  Drone  
  34  3:00  Drone  
  34  3:03  Drone  
  34  3:05  Drone  
  40  3:08  Drone  
  40  3:12  Overlord  
  41  3:16  Queen  
  41  3:19  Overlord  
  43  3:26  Extractor, Queen  
  45  3:30  Zergling x2  
  45  3:31  Zergling x4  
  45  3:33  Zergling x2  
  49  3:37  Drone x3  
  49  3:40  Drone  
  49  3:41  Drone x2  
  55  3:43  Drone  
  55  3:46  Drone  
  57  3:52  Queen  
  59  3:55  Overlord  
  59  3:56  Zergling x2  
  60  4:03  Roach Warren  
  60  4:05  Overlord  
  60  4:07  Drone  
  60  4:11  Queen  
  60  4:13  Drone x3  
  60  4:16  Zergling x2  
  66  4:19  Overlord  
  66  4:20  Drone x2  
  66  4:22  Drone x2  
  70  4:25  Overlord  
  70  4:31  Drone  
  71  4:32  Lair  
  71  4:33  Drone  
  71  4:36  Drone x2  
  74  4:39  Extractor  
  74  4:42  Extractor  
  74  4:43  Drone x5  
  74  4:44  Drone  
  77  4:46  Drone  
  77  4:47  Drone  
  77  4:51  Evolution Chamber  
  78  4:55  Drone  
  78  4:58  Overlord  
  79  5:00  Drone, Hatchery  
  79  5:04  Drone x3  
  79  5:05  Extractor  
  79  5:06  Extractor  
  80  5:09  Roach x3  
  86  5:16  Roach x3  
  86  5:19  Zerg Ground Armor Level 1  
  86  5:21  Overlord  
  92  5:25  Zergling x2, Roach x2  
  92  5:27  Overlord  
  97  5:32  Overlord x2  
  97  5:41  Extractor  
  96  5:43  Roach x4  
  96  5:46  Zergling x6  
  105  5:55  Zergling x4  
  105  5:56  Drone x5  
  108  5:57  Drone  
  108  6:00  Glial Reconstitution  
  108  6:01  Infestation Pit  
  108  6:03  Drone  
  108  6:05  Drone, Baneling Nest  
  108  6:09  Evolution Chamber  
  108  6:10  Drone  
  108  6:11  Drone x3  
  111  6:12  Overlord  
  111  6:16  Queen  
  113  6:18  Drone x2  
  113  6:19  Drone  
  113  6:20  Drone, Overlord  
  117  6:26  Drone x4  
  120  6:36  Drone  
  120  6:38  Zerg Melee Weapons Level 1, Hive  
  117  6:41  Drone x8  
  124  6:48  Zergling x4, Roach  
  124  6:50  Centrifugal Hooks  
  128  6:55  Zergling x14, Extractor, Spore Crawler  
  128  6:56  Extractor  
  128  6:58  Overlord  
  130  7:03  Overlord  
  130  7:05  Overlord x2  
  130  7:09  Drone  
  130  7:11  Ravager x3  
  130  7:13  Infestor  
  136  7:17  Overlord x2  
  136  7:18  Zerg Ground Armor Level 2  
  136  7:23  Drone x2  
  136  7:27  Infestor  
  136  7:29  Zergling x18  
  149  7:34  Hatchery  
  149  7:35  Overlord  
  148  7:38  Zergling x4  
  150  7:46  Zergling x20  
  158  7:59  Adrenal Glands  
  158  8:01  Zergling x16  
  158  8:03  Ultralisk Cavern  
  165  8:09  Hatchery  
  163  8:16  Viper  
  163  8:17  Viper  
  167  8:21  Baneling  
  167  8:22  Baneling x4  
  167  8:23  Baneling x5  
  167  8:26  Drone  
  167  8:27  Drone  
  167  8:30  Zergling x20  
  168  8:38  Drone  
  168  8:39  Drone  
  170  8:44  Baneling  
  170  8:45  Baneling x7  
  170  8:47  Hatchery  
  170  8:48  Zerg Melee Weapons Level 2  
  169  8:51  Chitinous Plating, Overlord x2  
  169  8:52  Zergling x10, Ultralisk x3  
  192  8:57  Overlord  
  192  8:59  Overlord  
  189  9:13  Hatchery  
  189  9:15  Zergling x18, Ultralisk  
  189  9:16  Zergling x2  
  198  9:20  Burrow  
  197  9:34  Hatchery  
  197  9:36  Drone x3  
  197  9:37  Drone  
  199  9:40  Pneumatized Carapace  
  199  9:41  Drone  
  199  9:42  Overseer  
  199  9:43  Baneling x8  
  193  9:59  Zergling x2  
  183  10:00  Zergling x30  
  183  10:05  Spore Crawler  
  194  10:08  Zergling x14  
  194  10:10  Zerg Ground Armor Level 3  
  194  10:12  Drone  
  199  10:19  Baneling x9  
  199  10:29  Zergling x2  
  200  10:38  Baneling x9  
  200  10:46  Spire  
  200  10:48  Drone  
  178  11:05  Zergling x4, Ultralisk x2  
  178  11:06  Zergling x26  
  178  11:09  Zergling x28  
  189  11:14  Viper  
  189  11:16  Viper  
  189  11:19  Zergling x4, Ultralisk  
  189  11:21  Overseer  
  189  11:23  Zerg Missile Weapons Level 1  
  189  11:25  Baneling x8  
  197  11:26  Zergling x6  
  200  11:34  Spore Crawler  
  200  11:36  Spore Crawler  
  190  11:47  Zergling x4, Ultralisk  
  190  11:48  Zergling x14  
  193  11:59  Drone x6  
  193  12:01  Zerg Flyer Weapons Level 1  
  195  12:09  Baneling  
  195  12:10  Baneling x7  
  178  12:23  Drone x4  
  178  12:26  Drone x5  
  199  12:31  Infestor  
  199  12:34  Hatchery  
  197  12:37  Viper x2  
  197  12:39  Zergling x4, Ultralisk  
  197  12:42  Hatchery  
  198  12:46  Spore Crawler  
  198  12:47  Zerg Melee Weapons Level 3  
  196  13:05  Zergling x14  
  171  13:15  Zergling x14, Ultralisk x3  
  184  13:20  Drone x4  
  184  13:24  Infestor, Baneling x14  
  184  13:25  Infestor x2  
  194  13:28  Extractor  
  194  13:29  Extractor  
  194  13:31  Drone x3  
  194  13:32  Drone x3  
  198  13:34  Corruptor  
  198  13:39  Zergling x4  
  198  13:40  Baneling  
  198  13:41  Baneling x5  
  199  13:49  Overseer  
  199  14:22  Spore Crawler  
  199  14:23  Drone x2  
  200  14:24  Drone, Spore Crawler  
  200  14:31  Baneling  
  200  14:32  Zerg Flyer Weapons Level 2, Baneling x19  
  200  14:48  Spore Crawler  
  183  15:02  Zergling x42  
  183  15:05  Viper  
  183  15:06  Viper  
  182  15:07  Zergling x28, Ultralisk  
  182  15:08  Zergling x12  
  182  15:11  Zergling x2  
  197  15:17  Zergling x4  
  199  15:22  Baneling x14  
  199  15:26  Zergling x2  
  196  15:33  Zergling x2, Ultralisk  
  197  15:36  Drone x9  
  197  15:42  Zergling x14, Ultralisk  
  190  15:43  Zergling x16  
  188  15:52  Zergling x16, Ultralisk x2  
  188  15:53  Hatchery  
  198  15:58  Drone  
  199  16:24  Drone x3  
  199  16:39  Infestor  
  199  16:50  Greater Spire  
  199  16:58  Drone x4  
  200  17:08  Baneling x10, Zerg Missile Weapons Level 2  
  200  17:12  Overseer  
  200  17:21  Infestor  
  200  17:22  Infestor  
  197  17:28  Zergling x4  
  199  17:33  Overseer  
  199  17:43  Hatchery  
  198  17:44  Drone, Hatchery  
  198  17:48  Baneling x9  
  198  17:54  Overseer  
  198  17:58  Overseer, Overlord x2  
  198  18:03  Zerg Flyer Weapons Level 3  
  198  18:09  Extractor x2, Drone  
  198  18:10  Drone  
  198  18:12  Drone  
  199  19:01  Baneling x5  
  199  19:08  Infestor  
  160  19:18  Zergling x46  
  160  19:19  Zergling x6  
  160  19:21  Corruptor x12  
  160  19:22  Corruptor x2  
  160  19:23  Zergling x2  
  160  19:24  Zergling x10  
  193  19:34  Zergling x26  
  193  19:36  Baneling x2  
  193  19:37  Baneling x16  
  198  19:43  Zergling x26  
  188  19:52  Zergling x2, Ultralisk x2  
  190  19:53  Zergling x2  
  190  19:57  Baneling x6  
  180  20:06  Infestor x2  
  184  20:08  Zergling x8, Ultralisk x2  
  184  20:09  Overseer, Baneling x6  
  196  20:27  Zergling x8  
  200  20:40  Infestor, Zerg Flyer Armor Level 1  
  198  20:54  Baneling x6  
  198  20:55  Baneling x4  
  196  20:58  Zergling x6  
  196  20:59  Zergling x2  
  194  21:11  Corruptor x3  
  199  21:24  Drone x3  
  194  21:28  Zergling x4, Ultralisk  
  194  21:29  Infestor  
  197  21:43  Zergling x4  
  199  21:48  Extractor  
  199  21:49  Extractor  
  195  21:55  Zergling x10  
  174  22:10  Zergling x50  
  181  22:16  Zergling x2, Ultralisk x2  
  181  22:17  Zergling x12  
  196  22:44  Zergling x10  
  191  22:56  Zergling x2, Ultralisk  
  191  22:57  Zergling x4  
  184  23:08  Infestor x2  
  184  23:09  Corruptor x3  
  184  23:11  Baneling x6  
  182  23:14  Zergling x34  
  182  23:16  Extractor, Corruptor  
  182  23:17  Extractor, Corruptor  
  194  23:20  Corruptor  
  194  23:27  Zergling x12  
  196  23:37  Zergling x10  
  200  23:49  Infestor  
  199  24:01  Zergling x14  
  199  24:08  Zergling x2  
  199  24:09  Zergling x10  
  198  24:30  Zergling x4  
  198  24:31  Zergling x6  
  199  24:37  Infestor  
  197  24:44  Zergling x20  
  197  24:45  Zergling x20, Infestor  
  199  24:47  Overseer, Overlord x2  
  199  24:48  Baneling  
  199  24:49  Baneling x14  
  199  24:50  Overlord  
  193  24:53  Overseer, Overlord  
  193  25:07  Overseer, Baneling x4  
  193  25:08  Zergling x12  
  199  25:19  Hatchery  
  185  25:34  Zergling x40  
  180  25:38  Zergling x10  
  180  25:39  Zergling x2  
Show
View Real Time Build Order
Export as new Build Order

Clem Terran - Winner!

Build Orders: Reaper Expand 

Get SALT Encoding   

  12  0:00  SCV  
  13  0:12  SCV  
  14  0:16  Supply Depot  
  14  0:24  SCV  
  15  0:38  SCV  
  15  0:39  Barracks  
  16  0:43  Refinery  
  16  0:50  SCV  
  17  1:02  SCV  
  18  1:14  SCV  
  19  1:26  Orbital Command  
  19  1:27  Reaper  
  20  1:39  Command Center  
  20  1:46  Supply Depot  
  20  1:52  SCV  
  21  1:59  Marine  
  22  2:04  SCV  
  23  2:10  Factory  
  23  2:16  SCV  
  23  2:19  Barracks Reactor  
  24  2:28  SCV  
  25  2:37  Command Center  
  25  2:40  SCV  
  26  2:50  Orbital Command  
  26  2:54  SCV  
  27  3:01  Barracks  
  27  3:07  Hellion  
  27  3:08  Barracks Tech Lab  
  27  3:09  SCV  
  30  3:14  Hellion  
  30  3:17  SCV  
  33  3:21  SCV  
  33  3:27  Marine  
  34  3:29  Stimpack, SCV  
  34  3:33  SCV  
  37  3:34  Refinery  
  37  3:41  SCV  
  37  3:44  Marine  
  37  3:46  SCV  
  40  3:49  Orbital Command  
  40  3:50  Starport  
  40  3:53  SCV  
  41  3:56  Marine x2  
  41  3:58  SCV  
  41  4:00  Factory Reactor  
  41  4:02  Marine  
  44  4:05  SCV  
  44  4:07  Supply Depot  
  46  4:10  SCV  
  46  4:14  Marine x2  
  46  4:16  SCV  
  50  4:17  SCV  
  50  4:20  Marine  
  50  4:22  SCV  
  53  4:28  SCV  
  53  4:29  SCV  
  55  4:32  Marine x2  
  55  4:33  Supply Depot  
  55  4:34  SCV  
  55  4:38  Orbital Command, Marine  
  59  4:39  Medivac, Refinery  
  59  4:41  Medivac  
  59  4:42  SCV  
  64  4:45  Factory Tech Lab  
  64  4:46  SCV  
  64  4:50  Marine, Engineering Bay x2  
  66  4:53  Refinery  
  66  4:54  Marine, SCV  
  66  4:56  Supply Depot, Marine  
  66  4:58  SCV  
  66  4:59  Barracks  
  70  5:03  SCV  
  70  5:06  SCV  
  72  5:08  Combat Shield  
  72  5:10  SCV  
  72  5:11  Marine  
  72  5:12  Marine  
  75  5:15  SCV, Marine  
  75  5:18  SCV  
  75  5:19  Supply Depot  
  81  5:22  SCV  
  81  5:23  Supply Depot  
  81  5:24  Terran Infantry Weapons Level 1  
  81  5:25  Terran Infantry Armor Level 1  
  81  5:28  SCV  
  80  5:30  Barracks  
  80  5:32  Barracks  
  80  5:33  SCV  
  81  5:39  Supply Depot  
  81  5:40  Siege Tank  
  84  5:44  Marine x2  
  84  5:45  SCV  
  84  5:51  Marine  
  84  5:54  SCV  
  84  5:56  Barracks Reactor, SCV  
  79  5:58  SCV  
  79  6:01  Marine x2  
  81  6:06  SCV  
  81  6:08  SCV, Supply Depot x2  
  81  6:09  Marine  
  81  6:10  SCV, Medivac x2  
  89  6:12  Siege Tank  
  89  6:18  SCV  
  93  6:19  Barracks Reactor x2, Refinery x2  
  93  6:20  SCV, Marine x2  
  93  6:23  SCV  
  97  6:30  SCV  
  97  6:31  Armory  
  97  6:32  Marine  
  98  6:33  SCV  
  98  6:37  SCV  
  99  6:42  SCV  
  99  6:45  Siege Tank, Supply Depot, Marine x4, SCV  
  108  6:49  SCV  
  108  6:51  Marine, Supply Depot  
  108  6:52  Factory  
  110  6:54  SCV  
  110  6:57  Marine x2  
  110  6:59  Marine  
  114  7:02  Marine, SCV  
  114  7:05  Medivac x2, Supply Depot  
  114  7:06  Marine x4  
  125  7:11  Supply Depot  
  125  7:14  Command Center  
  123  7:17  Supply Depot  
  123  7:18  Marine  
  123  7:20  Siege Tank  
  127  7:27  Terran Infantry Weapons Level 2, Supply Depot  
  127  7:30  Terran Infantry Armor Level 2  
  127  7:32  Marine  
  127  7:33  Marine  
  127  7:35  Marine  
  127  7:36  Factory Tech Lab  
  130  7:37  Marine  
  130  7:39  Marine x3  
  130  7:41  Marine, SCV  
  130  7:42  Marine  
  137  7:46  Supply Depot  
  137  7:50  Medivac x2, Marine  
  142  7:53  Terran Vehicle Weapons Level 1  
  142  7:54  Marine x2  
  142  7:55  Marine  
  142  7:57  Supply Depot  
  145  7:58  Siege Tank  
  145  8:04  Marine  
  146  8:15  Barracks  
  146  8:16  Barracks x2  
  146  8:18  Siege Tank, Marine x6  
  146  8:19  Marine x2  
  157  8:23  SCV x2  
  157  8:24  SCV  
  160  8:29  Medivac  
  160  8:32  Marine  
  163  8:35  SCV  
  163  8:36  Marine x2  
  163  8:40  Marine x2  
  163  8:41  Marauder, Marine x3  
  170  8:42  Siege Tank  
  170  8:43  Liberator  
  179  8:50  Marine  
  179  8:51  Siege Tank, SCV  
  184  9:01  Refinery  
  186  9:03  Marauder  
  186  9:05  Refinery  
  186  9:09  Planetary Fortress  
  186  9:13  Sensor Tower  
  186  9:14  Siege Tank  
  181  9:17  Barracks Tech Lab, Marine x2  
  181  9:20  Barracks Tech Lab  
  181  9:23  Siege Tank  
  188  9:24  Marauder  
  188  9:30  Command Center, Marine x2  
  190  9:35  Ghost Academy  
  190  9:38  SCV x2  
  190  9:40  Liberator x2  
  197  9:45  Marauder  
  197  9:49  Command Center, SCV  
  198  9:55  Marauder  
  198  10:00  Barracks Tech Lab  
  198  10:05  Ghost  
  191  10:07  Marauder  
  188  10:15  Command Center  
  188  10:16  Ghost  
  188  10:18  Ghost  
  192  10:22  Liberator  
  192  10:24  Liberator  
  192  10:27  Ghost  
  200  10:34  Command Center  
  200  10:36  Command Center  
  200  10:44  Terran Infantry Weapons Level 3, Command Center  
  200  10:49  Terran Infantry Armor Level 3  
  200  11:03  Ghost  
  190  11:04  Marine  
  190  11:05  Viking  
  190  11:07  Ghost  
  190  11:08  Marauder  
  190  11:09  Marauder  
  177  11:15  Command Center  
  177  11:16  Medivac  
  180  11:18  SCV  
  180  11:22  SCV  
  180  11:23  Planetary Fortress  
  181  11:26  Orbital Command  
  181  11:28  Ghost, SCV  
  181  11:31  SCV  
  181  11:32  SCV  
  186  11:34  SCV  
  186  11:35  Medivac  
  186  11:39  Siege Tank  
  192  11:40  SCV  
  192  11:43  SCV  
  192  11:44  SCV  
  192  11:45  Marauder  
  192  11:46  Ghost  
  199  11:52  Ghost, Marine x2  
  200  12:11  Orbital Command  
  200  12:14  Command Center  
  200  12:16  Ghost  
  200  12:18  Command Center  
  199  12:26  Terran Vehicle And Ship Armor Level 1  
  196  12:32  Planetary Fortress  
  196  12:33  Orbital Command  
  196  12:36  Sensor Tower  
  196  12:41  Viking  
  198  12:54  Sensor Tower  
  198  12:56  Missile Turret  
  198  12:57  Ghost  
  198  12:58  Refinery  
  200  12:59  Refinery  
  200  13:09  Ghost  
  200  13:10  Ghost  
  200  13:12  Siege Tank  
  189  13:13  Ghost  
  184  13:20  Sensor Tower  
  184  13:24  Neosteel Armor  
  184  13:25  Planetary Fortress, Ghost  
  184  13:27  Hi-Sec Auto Tracking  
  186  13:29  Siege Tank  
  186  13:33  Orbital Command  
  186  13:34  Planetary Fortress  
  189  13:35  Missile Turret  
  189  13:37  Ghost  
  189  13:39  SCV  
  189  13:40  Sensor Tower  
  192  13:53  Command Center, Refinery  
  192  13:54  Refinery  
  192  13:56  Siege Tank, Missile Turret  
  192  14:02  Siege Tank, Ghost  
  198  14:10  Ghost  
  200  14:20  Orbital Command, Terran Vehicle Weapons Level 2  
  200  14:26  Command Center, Missile Turret  
  200  14:29  Fusion Core  
  200  14:30  Starport  
  200  14:47  Command Center  
  200  14:55  Ghost  
  200  14:59  Ghost  
  167  15:08  Siege Tank, Marine, Medivac  
  167  15:09  Marauder, Marine  
  167  15:11  Liberator, Marine x3  
  167  15:13  Marauder  
  184  15:14  SCV  
  184  15:15  Marine  
  184  15:20  Marine  
  184  15:21  SCV  
  188  15:24  Marauder  
  190  15:29  Marauder  
  190  15:30  Siege Tank, Marauder  
  190  15:34  Marauder  
  190  15:35  Personal Cloaking  
  198  15:38  Liberator  
  187  15:52  Siege Tank, Marine  
  187  15:53  Liberator, Marauder  
  187  15:54  Marine  
  194  16:00  Planetary Fortress  
  194  16:01  Missile Turret  
  194  16:05  SCV x3  
  194  16:08  SCV  
  198  16:13  SCV  
  199  16:21  Starport Reactor, Advanced Ballistics  
  199  16:23  Marine  
  199  16:24  SCV, Marine x2  
  194  16:41  Command Center  
  194  16:42  Liberator, Refinery  
  194  16:46  Liberator  
  200  16:51  Ghost x2  
  200  16:53  Terran Vehicle And Ship Armor Level 2  
  198  17:02  Armory  
  198  17:05  Marauder  
  200  17:11  Orbital Command  
  200  17:13  Medivac  
  195  17:15  Command Center  
  195  17:20  Command Center  
  195  17:21  Ghost  
  183  17:24  Command Center, Medivac  
  183  17:25  Liberator, Ghost  
  183  17:26  Ghost x2  
  194  17:30  Drilling Claws  
  194  17:50  Ghost  
  196  17:53  Missile Turret  
  196  17:54  Ghost, Missile Turret  
  196  17:55  Ghost  
  200  18:15  Command Center  
  200  18:16  Planetary Fortress, Command Center  
  200  18:19  Sensor Tower  
  200  18:23  Caduceus Reactor  
  200  18:29  Factory, Terran Vehicle Weapons Level 3  
  200  18:46  Orbital Command  
  200  18:47  Orbital Command  
  200  18:54  Refinery  
  200  18:56  Refinery  
  200  19:00  Missile Turret x2  
  200  19:01  Missile Turret  
  198  19:12  Liberator  
  177  19:19  Ghost  
  177  19:23  Liberator x2  
  172  19:25  Siege Tank  
  172  19:26  Marauder  
  177  19:34  Marauder  
  179  19:43  Orbital Command  
  177  19:55  Liberator x2  
  183  20:03  Orbital Command x3  
  183  20:06  Liberator  
  186  20:11  Terran Ship Weapons Level 1  
  186  20:19  Refinery  
  182  20:22  Medivac, Refinery  
  182  20:35  Missile Turret x2  
  182  20:36  Missile Turret  
  182  20:37  Missile Turret  
  182  20:45  Missile Turret  
  182  20:46  Missile Turret  
  182  20:47  Missile Turret  
  182  20:48  Missile Turret  
  182  20:51  Ghost  
  182  20:54  Liberator  
  187  20:58  Liberator x3  
  196  21:05  Cyclone  
  196  21:06  Terran Vehicle And Ship Armor Level 3  
  195  21:21  Command Center  
  186  21:26  Marauder, Marine x3  
  191  21:37  Liberator  
  191  21:39  Marauder  
  193  21:41  Liberator  
  196  21:49  Viking  
  196  21:52  Marauder  
  200  22:11  Orbital Command, Siege Tank, Ghost x2, Marine, Medivac  
  200  22:12  Ghost  
  200  22:14  Ghost  
  180  22:19  Viking  
  180  22:20  Viking  
  175  22:24  Viking  
  175  22:25  Marine  
  175  22:26  Missile Turret  
  175  22:27  Missile Turret  
  175  22:28  Missile Turret  
  178  22:33  Missile Turret  
  178  22:39  Ghost x2  
  178  22:41  Viking, Ghost  
  186  22:49  Medivac  
  188  22:55  Viking  
  188  22:56  Viking  
  188  22:57  Command Center  
  192  22:59  Terran Ship Weapons Level 2  
  192  23:02  Ghost  
  183  23:08  Ghost  
  183  23:09  Ghost  
  183  23:10  Liberator  
  182  23:18  Ghost  
  184  23:31  Ghost  
  186  23:37  Ghost  
  186  23:38  Ghost  
  188  23:44  Marine  
  188  23:47  Ghost  
  191  23:53  Cyclone  
  191  23:54  Factory Reactor  
  190  23:58  Liberator  
  190  24:00  Liberator, Marauder  
  187  24:18  Liberator x2  
  187  24:21  Ghost  
  187  24:23  Planetary Fortress  
  191  24:32  Marauder  
  191  24:33  Marauder x2, Marine x3  
  192  24:41  Missile Turret x2, Refinery x2  
  192  24:42  Missile Turret  
  183  24:50  Marauder  
  185  24:53  Marauder  
  185  24:54  Cyclone, Marauder  
  185  24:56  Orbital Command  
  191  25:04  Command Center  
  191  25:19  Viking  
  193  25:26  Ghost  
  193  25:28  Viking x2  
  182  25:29  Viking  
Tags
 
Add a new tag
Caveats
  • Supply blocks, unpowered buildings, or Contaminate may cause inaccurate times.
  • Supply counts are checked every 10 seconds.